 Dungeon Crawl Stone Soup version 0.30-a0-782-ge64f9170bb (webtiles) character file.

Game seed: 8607143271443416588

2497 theswoord the Cleaver (level 9, 0/54 (61) HPs)
             Began as a Demonspawn Gladiator on Feb 21, 2023.
             Was a Believer of Kikubaaqudgha.
             Slain by a hornet (9 damage)
             ... while paralysed by a hornet
             ... on level 7 of the Dungeon on Feb 22, 2023.
             The game lasted 00:08:25 (7213 turns).

theswoord the Cleaver (Demonspawn Gladiator)        Turns: 7213, Time: 00:08:25

HP:   0/54 (61)     AC:  8    Str: 20    XL:     9   Next: 28%
MP:   0/9           EV:  2    Int: 11    God:    Kikubaaqudgha [**....]
Gold: 142           SH:  0    Dex: 20    Spells: 8/8 levels left

rFire   . . .      SeeInvis +    a - +1 war axe
rCold   + . .      Faith    .    (no shield)
rNeg    . . .      Spirit   +    z - +1 leather armour "Laopraes" {Rampage Int+2 SInv}
rPois   .          Reflect  .    c - +1 helmet
rElec   .          Harm     .    v - scarf {shadows}
rCorr   .          Rampage  +    (no gloves)
Will    .....                    (no boots)
Stlth   +                        s - amulet of guardian spirit
HPRegen 0.29/turn                j - +6 ring of dexterity
MPRegen 0.11/turn                d - ring of protection from cold

@: paralysed, lethally poisoned (0 -> -18), attractive, slowed, heavily drained
A: hooves 2, molten scales 1, powered by pain 1, demonic magic 1
a: Renounce Religion, Unearth Wretches


You were on level 7 of the Dungeon.
You worshipped Kikubaaqudgha.
Kikubaaqudgha was pleased with you.
You visited 2 branches of the dungeon, and saw 8 of its levels.

You collected 388 gold pieces.
You spent 246 gold pieces at shops.

Inventory:

Hand Weapons
 a - a +1 war axe (weapon)
 k - a +0 whip
Missiles
 e - 6 javelins (quivered)
 o - 2 throwing nets
Armour
 b - a +0 leather armour
 c - a +1 helmet (worn)
 h - a +0 cloak
 v - a scarf of shadows (worn)
 z - the +1 leather armour "Laopraes" (worn) {Rampage Int+2 SInv}
   (You bought it in a shop on level 5 of the Dungeon)

   Int:       It affects your intelligence (+2).
   SInv:      It lets you see invisible.
   Rampage:   It bestows one free step when moving towards enemies.
Jewellery
 d - a ring of protection from cold (right hand)
 j - a +6 ring of dexterity (left hand)
 s - an amulet of guardian spirit (around neck)
 w - an amulet of reflection
 y - a ring of willpower
Wands
 p - a wand of quicksilver (4)
 r - a wand of iceblast (2)
 A - a wand of paralysis (9)
Scrolls
 l - 2 scrolls of identify
 q - 2 scrolls of poison
 t - a scroll of magic mapping
 u - a scroll of fog
Potions
 f - 3 potions of curing
 g - 3 potions of mutation
 i - a potion of degeneration
 m - a potion of resistance
 n - a potion of brilliance


   Skills:
 - Level 2.0 Fighting
 + Level 9.7 Axes
 - Level 1.7 Throwing
 - Level 2.6 Dodging
 + Level 8.2 Necromancy


You had 8 spell levels left.
You didn't know any spells.
Your spell library contained the following spells:

 Spells                   Type           Power      Damage    Failure   Level
 Necrotise                Necr           72%        1d7       1%          1
 Sublimation of Blood     Necr           18%        N/A       2%          2
 Kiss of Death            Conj/Necr      36%        2d8       8%          1
 Cigotuvi's Dreadful Rot  Necr/Pois/Air  12%        N/A       22%         2
 Foxfire                  Conj/Fire      0%         2x1d4     38%         1
 Magic Dart               Conj           0%         1d3       38%         1
 Sandblast                Erth           0%         2d4       38%         1
 Passwall                 Tmut/Erth      0%         N/A       54%         2
 Searing Ray              Conj           0%         2d4       54%         2
 Stone Arrow              Conj/Erth      0%         3d7       77%         3
 Fulminant Prism          Conj/Hex       0%         3d5       99%         4
 Fireball                 Conj/Fire      0%         3d3       100%        5
 Starburst                Conj/Fire      0%         6d3       100%        6


Dungeon Overview and Level Annotations

Branches:
Dungeon (7/15)             Temple (1/1) D:6

Altars:
Ashenzari
Cheibriados
Dithmenos
Fedhas
Gozag
Hepliaklqana
Kikubaaqudgha
Makhleb
Nemelex Xobeh
Okawaru
Qazlal
Ru
Sif Muna
Trog
Uskayaw
Vehumet
Wu Jian
Xom
Yredelemnul

Shops:
D:1 [   D:5 [


Innate Abilities, Weirdness & Mutations

You have hoof-like feet.
You are partially covered in molten scales. (AC +2)
You sometimes gain a little power by taking damage.
Spells you cast may paralyse adjacent enemies.


Message History

* * * LOW HITPOINT WARNING * * *
You are lethally poisoned!
You feel as though you will be slow longer.
Unknown command.
Unknown command.
You feel better.
The hornet stings you but does no damage.
The hornet stings you.
* * * LOW HITPOINT WARNING * * *
You feel as though you will be slow longer.
You hit the hornet. Your punch misses the hornet. The hornet stings you.
* * * LOW HITPOINT WARNING * * *
You are lethally poisoned!
You feel as though you will be slow longer.
The hornet stings you but does no damage.
Okay, then.
Okay, then.
It was a potion of attraction.
You feel attractive to monsters.
* * * LOW HITPOINT WARNING * * *
You feel very sick. The hornet stings you.
* * * LOW HITPOINT WARNING * * *
You are more poisoned.
You feel as though you will be slow longer.
The hornet stings you but does no damage.
The hornet stings you.
* * * LOW HITPOINT WARNING * * *
You feel as though you will be slow longer.
You feel much better.
You feel very sick. The hornet closely misses you. The hornet stings you!
* * * LOW HITPOINT WARNING * * *
You are lethally poisoned!
You suddenly lose the ability to move!
* * * LOW HITPOINT WARNING * * *
You feel very sick. The hornet stings you!
You die...
Kikubaaqudgha rasps: "You have failed me!
Welcome... death!"

#...# #...# #...#
### ... ##...#####.#
... ..........#.#
#.### .........#
#.##... .. ........#
#>#.####...
##...#.##
##.........
#...##.## ##...@y.#
#...###.###.#..##.#
.......##.#..#.....#
#...##.###.#.#.##..#
#...# .# ###.#..
.... #.... .#.
###### ##


You could see a hornet.

Vanquished Creatures
  The ghost of p0werm0de the Shield-Bearer, a novice GnFi (D:5)
  Sigmund (D:4)
  Eustachio (D:4)
  An orc warrior (D:4)
  4 ogres
  2 centaurs
  A phantom (D:4)
  A scorpion (D:5)
  4 wights (D:6)
  2 jellies
  An orc priest (D:4)
  3 hounds
  An iron imp (D:6)
  A bullfrog skeleton (D:5)
  8 iguanas
  Natasha (thrice) (D:4)
  2 orc wizards (D:4)
  3 gnolls (D:5)
  5 adders
  A howler monkey skeleton (D:5)
  A white imp (D:4)
  3 ufetubi
  A worm (D:5)
  2 dart slugs
  15 orcs
  5 endoplasms
  A giant cockroach (D:1)
  4 hobgoblins (D:4)
  2 jackals (D:3)
  12 kobolds
  3 quokkas
  3 ball pythons
  4 bats
  5 frilled lizards
  4 goblins
  2 goblin skeletons (D:6)
  3 hobgoblin zombies (D:6)
  A kobold zombie (D:6)
  An orc skeleton (D:6)
  An orc zombie (D:6)
  6 rats
125 creatures vanquished.

Vanquished Creatures (collateral kills)
  A necrophage (D:5)
  A bullfrog zombie (D:5)
2 creatures vanquished.

Grand Total: 127 creatures vanquished

Notes
Turn   | Place    | Note
-------+----------+-------------------------------------------
     0 | D:1      | theswoord the Demonspawn Gladiator began the quest for the
                  | Orb.
     0 | D:1      | Reached XP level 1. HP: 16/16 MP: 1/1
    59 | D:1      | Reached skill level 3 in Axes
    84 | D:1      | Found Sabuloob's Armour Boutique.
   205 | D:1      | Gained mutation: You sometimes gain a little power by
                  | taking damage. [demonic ancestry]
   205 | D:1      | Reached XP level 2. HP: 22/22 MP: 2/2
  1229 | D:2      | Gained mutation: Spells you cast may paralyse adjacent
                  | enemies. [demonic ancestry]
  1229 | D:2      | Reached XP level 3. HP: 26/27 MP: 3/3
  1537 | D:3      | Reached skill level 4 in Axes
  1720 | D:3      | Noticed an ogre
  1729 | D:3      | Killed an ogre
  1730 | D:3      | Reached skill level 5 in Axes
  1730 | D:3      | Gained mutation: You are partially covered in molten
                  | scales. (AC +2) [demonic ancestry]
  1730 | D:3      | Reached XP level 4. HP: 6/33 MP: 4/4
  1947 | D:3      | Reached XP level 5. HP: 36/38 MP: 5/5
  2548 | D:3      | You fall into a shaft and drop 3 floors!
  2736 | D:6      | Reached skill level 6 in Axes
  2752 | D:6      | Noticed a centaur
  2762 | D:6      | Killed a centaur
  2763 | D:6      | Gained mutation: You have large cloven feet. [demonic
                  | ancestry]
  2763 | D:6      | Reached XP level 6. HP: 36/44 MP: 4/6
  2882 | D:6      | Found a staircase to the Ecumenical Temple.
  2931 | Temple   | Entered the Ecumenical Temple
  3089 | Temple   | Became a worshipper of Kikubaaqudgha
  3252 | D:5      | Entered Level 5 of the Dungeon
  3378 | D:5      | Reached skill level 1 in Necromancy
  3533 | D:5      | Found a transporter.
  3534 | D:5      | Noticed p0werm0de's ghost (novice GnFi)
  3636 | D:5      | Reached skill level 7 in Axes
  3682 | D:5      | Reached XP level 7. HP: 40/50 MP: 4/7
  3742 | D:4      | Noticed Sigmund
  3749 | D:4      | Killed Sigmund
  4077 | D:4      | Reached * piety under Kikubaaqudgha
  4077 | D:4      | Received a gift from Kikubaaqudgha
  4135 | D:4      | Noticed Eustachio
  4160 | D:4      | Killed Eustachio
  4161 | D:4      | Reached skill level 8 in Axes
  4161 | D:4      | Reached skill level 5 in Necromancy
  4161 | D:4      | Reached XP level 8. HP: 25/56 MP: 6/8
  4486 | D:4      | Noticed Natasha
  4493 | D:4      | Killed Natasha
  4650 | D:4      | Noticed Natasha
  4665 | D:4      | Killed Natasha
  4705 | D:4      | Noticed Natasha
  4713 | D:4      | Killed Natasha
  5599 | D:5      | Found Jatuoner's Armour Emporium.
  5609 | D:5      | Bought the +1 leather armour "Laopraes" {Rampage Int+2
                  | SInv} for 246 gold pieces
  5921 | D:5      | Found a transporter.
  6086 | D:5      | Reached ** piety under Kikubaaqudgha
  6094 | D:5      | Killed p0werm0de's ghost
  6095 | D:5      | Reached skill level 9 in Axes
  6095 | D:5      | Gained mutation: You have hoof-like feet. [demonic
                  | ancestry]
  6095 | D:5      | Reached XP level 9. HP: 16/61 MP: 2/9
  7204 | D:7      | Paralysed by a hornet for 2 turns
  7212 | D:7      | Paralysed by a hornet for 3 turns
  7213 | D:7      | Slain by a hornet

Skill      XL: |  1  2  3  4  5  6  7  8  9 |
---------------+----------------------------+-----
Axes           | 3 5 6 7 8 9 |  9.7
Necromancy     | 2 5 7 8 |  8.2
Fighting       | |  2.0
Throwing       | |  1.7
Dodging        | |  2.6

Action                     |  1- 3 |  4- 6 |  7- 9 || total
---------------------------+-------+-------+-------++-------
  Melee: War axe           |    67 |   102 |   176 ||   345
         Punch             |     2 |       |     3 ||     5
         Kick              |       |    16 |    57 ||    73
  Throw: Throwing net      |     3 |       |     2 ||     5
  Evoke: Wand              |       |       |     7 ||     7
    Use: Scroll            |     8 |     8 |     3 ||    19
         Potion            |       |       |     8 ||     8
   Stab: Sleeping          |     5 |     3 |     1 ||     9
         Distracted        |       |       |     4 ||     4
 Armour: Leather armour    |    15 |    38 |    47 ||   100
         Skin              |       |       |     8 ||     8
  Dodge: Dodged            |    53 |    83 |   129 ||   265

Levels and vault maps discovered:
D:1:      dpeg_arrival_water_temple_mockup, layout_loops_cross, serial_shops,
          nicolae_shop_stone, minmay_close_crescents
D:2:      layout_basic
D:3:      minmay_wonky_spiral, layout_loops_corners,
          shapermc_ecumenical_altar_mp_vishouse
D:4:      layout_layer_cave, kennysheep_pointless_box, palyth_stone_intersect,
          uniq_sigmund, uniq_natasha, uniq_eustachio
D:5:      layout_cave_pods, serial_shops, shop, gammafunk_ghost_mausoleum
D:6:      layout_loops_corners, nicolae_tso_besieged_by_evil,
          minmay_temple_entry_overgrown
D:7:      layout_loops_cross
Temple:   minmay_crystal_snake_temple
